 Dungeon Crawl Stone Soup version 0.31-a0-175-g9f7f995f2b (webtiles) character file.

Game seed: 3734080625553651201

5439 qw the Cleaver (level 10, -1/64 HPs)
             Began as a Gargoyle Fighter on June 17, 2023.
             Was a Priest of Okawaru.
             Slain by a seven-headed hydra (6 damage)
             ... on level 9 of the Dungeon.
             The game lasted 00:04:03 (8353 turns).

qw the Cleaver (Gargoyle Fighter)                   Turns: 8353, Time: 00:04:04

Health: -1/64      AC: 27    Str: 25    XL:     10   Next: 68%
Magic:  0/13       EV: 14    Int:  8    God:    Okawaru [***...]
Gold:   934        SH: 14    Dex:  9    Spells: 9/9 levels left

rFire   . . .        Y - +4 war axe (chaos)
rCold   . . .        c - +0 buckler
rNeg    + . .        h - +0 plate armour
rPois   inf          (no helmet)
rElec   +            (no cloak)
rCorr   .            i - +2 pair of gloves
SInv    .            k - +0 pair of boots
Will    .....        n - brooch of Shielding {Spirit SH+8} Stlth
                     t - +5 ring of evasion
HPRegen 0.30/turn    (no ring)
MPRegen 0.13/turn

%: guardian spirit
@: about to teleport, heroic
A: sickness immunity, AC +7, negative energy resistance 1, electricity
resistance, torment resistance 1, petrification resistance
a: Renounce Religion, Heroism


You were on level 9 of the Dungeon.
You worshipped Okawaru.
Okawaru was most pleased with you.
You visited 2 branches of the dungeon, and saw 10 of its levels.
You also visited: Ossuary.

You collected 1306 gold pieces.
You spent 372 gold pieces at shops.


Innate Abilities, Weirdness & Mutations

You are immune to sickness and miasma.
Your stone body is resilient. (AC +7)
You are immune to poison.
You resist negative energy. (rN+)
You are resistant to electric shocks. (rElec)
You are resistant to unholy torment.
You are immune to petrification.


   Skills:
 - Level 8.0(13.0) Fighting
 + Level 10.0(15.0) Axes
 - Level 3.9(8.9) Throwing
 - Level 7.2(12.2) Armour
 - Level 1.1(6.1) Dodging
 - Level 5.0(10.0) Shields
 - Level 4.0 Invocations


You had 9 spell levels left.
You didn't know any spells.
Your spell library was empty.

Inventory:

Hand Weapons
 w - a +0 flail
 x - a +0 war axe
 Y - a +4 war axe of chaos (weapon)
Missiles
 y - 5 boomerangs (quivered)
Armour
 c - a +0 buckler (worn)
 h - a +0 plate armour (worn)
 i - a +2 pair of gloves (worn)
 k - a +0 pair of boots (worn)
Jewellery
 b - a ring of fire
 n - the brooch of Shielding (around neck) {Spirit SH+8}
   (You found it on level 8 of the Dungeon)

   [amulet of guardian spirit]

   It causes incoming damage to be divided between your reserves of health and
   magic.
   SH:        It affects your SH (+8).
 t - a +5 ring of evasion (left hand)
Wands
 q - a wand of digging (4)
Scrolls
 m - 3 scrolls of identify
 s - a scroll of teleportation
 u - a scroll of revelation {unknown}
Potions
 d - 6 potions of might
 e - 2 potions of resistance
 f - a potion of lignification
 g - a potion of cancellation
 j - a potion of magic
 l - 2 potions of curing
 o - 2 potions of attraction
 p - a potion of enlightenment
 r - 4 potions of mutation

Dungeon Overview and Level Annotations

Branches:
Dungeon (9/15)             Temple (1/1) D:5         Ossuary (visited)
   Lair: D:8-11         Orc: D:9-12

Altars:
Ashenzari
Cheibriados
Dithmenos
Elyvilon
Fedhas
Gozag
Hepliaklqana
Kikubaaqudgha
Makhleb
Nemelex Xobeh
Okawaru
Qazlal
Ru
Sif Muna
Trog
Uskayaw
Vehumet
Wu Jian
Xom
Zin

Shops:
D:4 *   D:6 !


Message History

The seven-headed hydra misses you.
The seven-headed hydra bites you but does no damage.
8347 ||| SWAPPING to +0 flail.
w - a +0 flail (weapon)
8348 ||| SWAPPING to +4 war axe of chaos.
Your +4 war axe of chaos is briefly surrounded by a scintillating aura of random colours.
Y - a +4 war axe of chaos (weapon)
The seven-headed hydra barely misses you.
The seven-headed hydra bites you but does no damage.
The seven-headed hydra bites you.
The seven-headed hydra bites you but does no damage.
The seven-headed hydra barely misses you.
You block the seven-headed hydra's attack. x2
8349 ||| SWAPPING to +0 flail.
w - a +0 flail (weapon)
8350 ||| SWAPPING to +4 war axe of chaos.
Your +4 war axe of chaos is briefly surrounded by a scintillating aura of random colours.
Y - a +4 war axe of chaos (weapon)
The seven-headed hydra bites you!
You block the seven-headed hydra's attack.
The seven-headed hydra bites you but does no damage.
The seven-headed hydra misses you. The seven-headed hydra bites you.
The seven-headed hydra bites you but does no damage.
The seven-headed hydra bites you.
8351 ||| READING 2 scrolls of teleportation.
As you read the scroll of teleportation, it crumbles to dust.
You feel strangely unstable.
You block the seven-headed hydra's attack.
The seven-headed hydra bites you but does no damage. x2
The seven-headed hydra closely misses you.
You block the seven-headed hydra's attack.
The seven-headed hydra bites you but does no damage.
You block the seven-headed hydra's attack.
8352 ||| SWAPPING to +0 flail.
w - a +0 flail (weapon)
8353 ||| SWAPPING to +4 war axe of chaos.
Your +4 war axe of chaos is briefly surrounded by a scintillating aura of random colours.
Y - a +4 war axe of chaos (weapon)
The seven-headed hydra bites you!
You die...

...........<. #....#
#............ #....#
............ #....#
#.......... #.....
..#......... #....#
.(#.#........
#....##.}..##........
#....D{Y.# ##........
#@# #....##### #.#
##...## #.# ##.....#
#.# ###......# ######.#
##........####
#......###.............
#...........#..).......
#........#.##..[)......
#..........##..........


You could see a seven-headed hydra and a yak.

Vanquished Creatures
  Maggie (D:6)
  A kobold demonologist (D:6)
  A hornet (D:8)
  Grinder (D:3)
  Sigmund (D:3)
  4 yaks (D:9)
  A basilisk (D:9)
  A steam dragon (D:9)
  A water moccasin (D:8)
  3 orc warriors
  A sky beast (D:6)
  2 ogres
  3 centaurs
  2 kobold brigands (D:8)
  A bullfrog (D:6)
  4 scorpions
  10 wights
  3 water moccasin zombies (Ossuary)
  A killer bee (D:6)
  A centaur zombie (Ossuary)
  3 hounds
  14 orc priests
  2 jellies (D:5)
  3 sleepcaps
  A gnoll bouda (D:6)
  4 iguanas
  2 scorpion zombies (Ossuary)
  9 orc wizards
  An ogre zombie (Ossuary)
  5 adders
  17 gnolls
  A river rat (D:4)
  A white imp (D:5)
  An ufetubus (D:6)
  An adder zombie (Ossuary)
  6 worms
  2 dart slugs (D:2)
  32 orcs
  4 ball pythons
  3 bats
  5 endoplasms
  A giant cockroach (D:1)
  3 gnoll zombies (Ossuary)
  8 goblins
  5 hobgoblins
  4 jackals (D:4)
  18 kobolds
  5 quokkas
  A frilled lizard (D:3)
  6 goblin zombies (Ossuary)
  2 hobgoblin zombies (Ossuary)
  3 orc zombies (Ossuary)
  5 rats
221 creatures vanquished.

Notes
Turn   | Place    | Note
-------+----------+-------------------------------------------
     0 | D:1      | qw the Gargoyle Fighter began the quest for the Orb.
     0 | D:1      | Reached XP level 1. HP: 14/14 MP: 1/1
     0 | D:1      | 0 ||| qw: Version: 0.3-a-2-g5ab2908
     0 | D:1      | 0 ||| qw: Game counter: 349
     0 | D:1      | 0 ||| qw: Always use a shield: true
     0 | D:1      | 0 ||| qw: God list: Okawaru
     0 | D:1      | 0 ||| qw: Allow faded altars: false
     0 | D:1      | 0 ||| qw: Do Orc after D:15 true
     0 | D:1      | 0 ||| qw: Do second Lair branch before Depths: true
     0 | D:1      | 0 ||| qw: Lair rune preference: random
     0 | D:1      | 0 ||| qw: Plans: Normal, Zot:1-4, Slime:5, God:TSO, Crypt,
                  | Tomb, Abyss, Pan, Hells, Win
     0 | D:1      | 0 ||| PLANNING D:1-11
    98 | D:1      | Reached skill level 2 in Axes
   261 | D:1      | Reached XP level 2. HP: 19/19 MP: 2/2
   988 | D:1      | 988 ||| UPGRADING to +0 chain mail.
   998 | D:1      | 998 ||| DROPPING +0 scale mail.
   999 | D:1      | 999 ||| UPGRADING to +0 plate armour.
  1009 | D:1      | 1009 ||| DROPPING +0 chain mail.
  1010 | D:1      | 1010 ||| UPGRADING to +1 pair of gloves.
  1015 | D:1      | 1015 ||| READING scroll labelled ZIOG IVOTAUS.
  1016 | D:1      | 1016 ||| READING scroll labelled GIEHISTRU SIONEN.
  1053 | D:2      | Reached skill level 3 in Axes
  1057 | D:2      | Reached XP level 3. HP: 23/23 MP: 3/3
  1147 | D:2      | 1147 ||| Stepping ~*~*~tactically~*~*~ (hiding).
  1149 | D:2      | 1149 ||| Stepping ~*~*~tactically~*~*~ (hiding).
  1460 | D:2      | 1460 ||| DROPPING +0 club.
  1683 | D:2      | 1683 ||| UPGRADING to amulet of guardian spirit.
  1688 | D:2      | 1688 ||| READING scroll labelled UNOZICYZAU.
  1724 | D:3      | Reached XP level 4. HP: 28/28 MP: 4/4
  1771 | D:3      | 1771 ||| Stepping ~*~*~tactically~*~*~ (hiding).
  1810 | D:3      | 1810 ||| Stepping ~*~*~tactically~*~*~ (stealth).
  1812 | D:3      | 1812 ||| Stepping ~*~*~tactically~*~*~ (hiding).
  1948 | D:3      | Noticed Grinder
  1950 | D:3      | Paralysed by Grinder for 3 turns
  1957 | D:3      | Paralysed by Grinder for 2 turns
  1970 | D:3      | Killed Grinder
  1971 | D:3      | Reached skill level 3 in Throwing
  1971 | D:3      | Reached XP level 5. HP: 31/32 MP: 5/5
  1971 | D:3      | Reached XP level 6. HP: 36/37 MP: 6/6
  2129 | D:3      | 2129 ||| Stepping ~*~*~tactically~*~*~ (stealth).
  2139 | D:3      | 2139 ||| Stepping ~*~*~tactically~*~*~ (stealth).
  2140 | D:3      | 2140 ||| Stepping ~*~*~tactically~*~*~ (stealth).
  2167 | D:3      | 2167 ||| SWAPPING to +1 heavy war axe.
  2168 | D:3      | 2168 ||| DROPPING +0 war axe.
  2486 | D:3      | Noticed Sigmund
  2489 | D:3      | Killed Sigmund
  2490 | D:3      | Reached skill level 5 in Axes
  2547 | D:3      | Found a hazy altar of Hepliaklqana.
  2551 | D:3      | 2551 ||| UPGRADING to +0 pair of boots.
  2556 | D:3      | 2556 ||| READING scroll labelled YGIMOE USKIL.
  2557 | D:3      | 2557 ||| READING 2 scrolls labelled JAPTIF BIME.
  2658 | D:3      | 2658 ||| DRINKING 2 viscous purple potions.
  2659 | D:3      | 2659 ||| READING 2 scrolls of identify.
  2659 | D:3      | 2659 ||| IDENTIFYING glowing white potion
  2660 | D:3      | 2660 ||| DROPPING scroll of silence.
  2661 | D:3      | 2661 ||| DROPPING potion of degeneration.
  2692 | D:4      | 2692 ||| PLANNING OSSUARY
  2704 | D:4      | Found a sand-covered staircase.
  2716 | Ossuary  | Entered an ossuary
  2758 | Ossuary  | Reached XP level 7. HP: 42/42 MP: 7/7
  2915 | Ossuary  | Reached skill level 6 in Axes
  2923 | Ossuary  | Noticed a silent spectre
  2951 | Ossuary  | Identified the +6 scale mail "Utri" {Int+2}
  2960 | Ossuary  | 2960 ||| DRINKING 2 clear potions.
  2965 | Ossuary  | 2965 ||| DROPPING potion of ambrosia.
  2971 | D:4      | 2971 ||| PLANNING SEWER
  2971 | D:4      | 2971 ||| READING scroll of enchant weapon.
  2971 | D:4      | 2971 ||| ENCHANTING +2 heavy war axe.
  3007 | D:4      | Identified the +4 robe of the Snake Pit {rElec Dex+7 SInv
                  | Stlth-}
  3066 | D:4      | Reached XP level 8. HP: 22/48 MP: 3/8
  3098 | D:4      | 3098 ||| Stepping ~*~*~tactically~*~*~ (stealth).
  3108 | D:4      | 3108 ||| Stepping ~*~*~tactically~*~*~ (stealth).
  3159 | D:4      | 3159 ||| Stepping ~*~*~tactically~*~*~ (hiding).
  3161 | D:4      | 3161 ||| Stepping ~*~*~tactically~*~*~ (hiding).
  3201 | D:4      | 3201 ||| DROPPING +1 whip of venom.
  3236 | D:4      | 3236 ||| Stepping ~*~*~tactically~*~*~ (stealth).
  3270 | D:4      | 3270 ||| RIP SEWER
  3294 | D:4      | 3294 ||| PLANNING D:1-11
  3415 | D:4      | 3415 ||| Stepping ~*~*~tactically~*~*~ (hiding).
  3602 | D:4      | 3602 ||| Stepping ~*~*~tactically~*~*~ (stealth).
  3651 | D:4      | 3651 ||| DROPPING +0 mace.
  3731 | D:4      | Found Folo Cie's Assorted Antiques.
  3742 | D:4      | 3742 ||| BUYING scroll labelled MORIERR ATHINA (24 gold).
  3742 | D:4      | Bought a scroll labelled MORIERR ATHINA for 24 gold pieces
  3742 | D:4      | 3742 ||| BUYING scroll of identify (48 gold).
  3742 | D:4      | Bought a scroll of identify for 48 gold pieces
  3927 | D:4      | 3927 ||| UPGRADING to +5 ring of evasion.
  3928 | D:4      | 3928 ||| READING scroll labelled ZILEMAE ODYNN.
  3929 | D:4      | 3929 ||| READING scroll labelled AQIWER FADEIZE.
  3930 | D:4      | 3930 ||| READING 2 scrolls labelled MORIERR ATHINA.
  3931 | D:4      | 3931 ||| READING scroll labelled LIZUNL QAFYU.
  3932 | D:4      | 3932 ||| READING scroll labelled AGYGHU HIRROH.
  3933 | D:4      | 3933 ||| READING scroll labelled NAOPSU PUETO.
  3934 | D:4      | 3934 ||| READING 6 scrolls of identify.
  3934 | D:4      | 3934 ||| IDENTIFYING sapphire potion
  3935 | D:4      | 3935 ||| READING 5 scrolls of identify.
  3935 | D:4      | 3935 ||| IDENTIFYING murky cyan potion
  3936 | D:4      | 3936 ||| READING 4 scrolls of identify.
  3936 | D:4      | 3936 ||| IDENTIFYING smoky coppery potion
  3937 | D:4      | 3937 ||| READING 3 scrolls of identify.
  3937 | D:4      | 3937 ||| IDENTIFYING inky potion
  3938 | D:4      | 3938 ||| READING 2 scrolls of identify.
  3938 | D:4      | 3938 ||| IDENTIFYING fuming red potion
  3939 | D:4      | 3939 ||| DROPPING scroll of immolation.
  3946 | D:5      | Entered Level 5 of the Dungeon
  3959 | D:5      | 3959 ||| FLEEEEING.
  3960 | D:5      | 3960 ||| FLEEEEING.
  3969 | D:5      | Reached skill level 7 in Axes
  4140 | D:5      | Found a staircase to the Ecumenical Temple.
  4141 | D:5      | 4141 ||| PLANNING TEMPLE
  4141 | D:5      | 4141 ||| DRINKING 2 fuming brown potions.
  4142 | D:5      | 4142 ||| DROPPING potion of brilliance.
  4151 | Temple   | Entered the Ecumenical Temple
  4206 | Temple   | 4206 ||| PLANNING D:1-11
  4233 | D:5      | 4233 ||| READING scroll of enchant armour.
  4233 | D:5      | 4233 ||| ENCHANTING +1 pair of gloves.
  4238 | D:5      | Found an iron altar of Okawaru.
  4239 | D:5      | 4239 ||| PLANNING OKAWARU WORSHIP
  4256 | D:5      | Became a worshipper of Warmaster Okawaru
  4257 | D:5      | 4257 ||| PLANNING D:1-11
  4257 | D:5      | 4257 ||| REMOVING amulet of guardian spirit.
  4311 | D:5      | Found a bloodstained altar of Trog.
  4352 | D:5      | 4352 ||| Stepping ~*~*~tactically~*~*~ (hiding).
  4363 | D:5      | Reached skill level 1 in Dodging
  4664 | D:5      | 4664 ||| Stepping ~*~*~tactically~*~*~ (stealth).
  4851 | D:6      | Reached skill level 8 in Axes
  4888 | D:6      | Noticed a kobold demonologist
  4897 | D:6      | Reached XP level 9. HP: 19/54 MP: 9/9
  4903 | D:6      | HP: 13/54 [ufetubus[a kobold demonologist] (4)]
  4904 | D:6      | Noticed a sixfirhy
  4904 | D:6      | 4904 ||| DRINKING potion of heal wounds.
  4905 | D:6      | Noticed a red devil
  4905 | D:6      | Killed a kobold demonologist
  4906 | D:6      | Reached skill level 6 in Fighting
  4906 | D:6      | Reached * piety under Okawaru
  5131 | D:6      | Noticed Maggie
  5147 | D:6      | Killed Maggie
  5189 | D:6      | 5189 ||| INVOKING Heroism.
  5199 | D:6      | Reached skill level 3 in Invocations
  5207 | D:6      | 5207 ||| INVOKING Heroism.
  5337 | D:6      | Found Watreitu's Distillery.
  5341 | D:6      | 5341 ||| BUYING potion of attraction (36 gold).
  5341 | D:6      | Bought a potion of attraction for 36 gold pieces
  5341 | D:6      | 5341 ||| BUYING potion of attraction (36 gold).
  5341 | D:6      | Bought a potion of attraction for 36 gold pieces
  5341 | D:6      | 5341 ||| BUYING potion of curing (36 gold).
  5341 | D:6      | Bought a potion of curing for 36 gold pieces
  5341 | D:6      | 5341 ||| BUYING potion of curing (36 gold).
  5341 | D:6      | Bought a potion of curing for 36 gold pieces
  5341 | D:6      | 5341 ||| BUYING potion of enlightenment (60 gold).
  5341 | D:6      | Bought a potion of enlightenment for 60 gold pieces
  5341 | D:6      | 5341 ||| BUYING potion of might (48 gold).
  5341 | D:6      | Bought a potion of might for 48 gold pieces
  5341 | D:6      | 5341 ||| BUYING potion of might (48 gold).
  5341 | D:6      | Bought a potion of might for 48 gold pieces
  5341 | D:6      | 5341 ||| SHOPLISTING potion of might (48 gold, have 1).
  5341 | D:6      | 5341 ||| SHOPLISTING potion of mutation (96 gold, have 1).
  5744 | D:6      | 5744 ||| Stepping ~*~*~tactically~*~*~ (hiding).
  5745 | D:6      | 5745 ||| Stepping ~*~*~tactically~*~*~ (hiding).
  5746 | D:6      | 5746 ||| Stepping ~*~*~tactically~*~*~ (hiding).
  5748 | D:6      | 5748 ||| Stepping ~*~*~tactically~*~*~ (hiding).
  5749 | D:6      | 5749 ||| Stepping ~*~*~tactically~*~*~ (hiding).
  5755 | D:6      | 5755 ||| Stepping ~*~*~tactically~*~*~ (stealth).
  5845 | D:6      | Found an ornate altar of the Wu Jian Council.
  6025 | D:6      | 6025 ||| READING scroll labelled VOIFAO URHY.
  6026 | D:6      | 6026 ||| READING scroll labelled KAVEOXINOK.
  6027 | D:6      | 6027 ||| READING 2 scrolls of identify.
  6027 | D:6      | 6027 ||| IDENTIFYING bubbling black potion
  6117 | D:7      | Reached skill level 9 in Axes
  6139 | D:7      | 6139 ||| INVOKING Heroism.
  6209 | D:7      | 6209 ||| Stepping ~*~*~tactically~*~*~ (stealth).
  6216 | D:7      | 6216 ||| INVOKING Heroism.
  6233 | D:7      | 6233 ||| Stepping ~*~*~tactically~*~*~ (stealth).
  6235 | D:7      | 6235 ||| FLEEEEING.
  6277 | D:7      | 6277 ||| FLEEEEING.
  6278 | D:7      | 6278 ||| FLEEEEING.
  6279 | D:7      | 6279 ||| FLEEEEING.
  6280 | D:7      | 6280 ||| FLEEEEING.
  6386 | D:7      | Reached skill level 6 in Armour
  6762 | D:7      | 6762 ||| READING scroll of enchant weapon.
  6762 | D:7      | 6762 ||| ENCHANTING +3 war axe of freezing.
  6767 | D:7      | 6767 ||| Stepping ~*~*~tactically~*~*~ (stealth).
  6779 | D:7      | 6779 ||| Stepping ~*~*~tactically~*~*~ (stealth).
  6789 | D:7      | Reached ** piety under Okawaru
  6893 | D:7      | 6893 ||| DROPPING orb of light.
  6894 | D:7      | 6894 ||| READING scroll labelled MAW HUNGARR.
  6897 | D:7      | 6897 ||| READING scroll labelled HAYCWEL HEDY.
  6898 | D:7      | 6898 ||| READING scroll labelled RAUNING ETEO.
  6898 | D:7      | Identified a scroll of acquirement
  6898 | D:7      | 6898 ||| ACQUIRING 694 gold pieces
  6898 | D:7      | Acquired 694 gold pieces
  6903 | D:8      | 6903 ||| Stepping ~*~*~tactically~*~*~ (hiding).
  6904 | D:8      | 6904 ||| INVOKING Heroism.
  6914 | D:8      | Reached XP level 10. HP: 61/61 MP: 11/13
  6978 | D:8      | Found the brooch of Shielding {Spirit SH+8}
  7281 | D:8      | Found a broken altar of Ashenzari.
  7301 | D:8      | 7301 ||| FLEEEEING.
  7302 | D:8      | 7302 ||| FLEEEEING.
  7303 | D:8      | 7303 ||| FLEEEEING.
  7304 | D:8      | 7304 ||| FLEEEEING.
  7305 | D:8      | 7305 ||| FLEEEEING.
  7306 | D:8      | 7306 ||| FLEEEEING.
  7307 | D:8      | 7307 ||| FLEEEEING.
  7308 | D:8      | 7308 ||| FLEEEEING.
  7309 | D:8      | 7309 ||| FLEEEEING.
  7310 | D:8      | 7310 ||| FLEEEEING.
  7311 | D:8      | 7311 ||| FLEEEEING.
  7557 | D:8      | 7557 ||| Stepping ~*~*~tactically~*~*~ (stealth).
  7561 | D:8      | 7561 ||| Stepping ~*~*~tactically~*~*~ (hiding).
  7612 | D:8      | 7612 ||| Stepping ~*~*~tactically~*~*~ (hiding).
  7745 | D:8      | 7745 ||| Stepping ~*~*~tactically~*~*~ (stealth).
  7753 | D:8      | Reached skill level 10 in Axes
  7785 | D:8      | 7785 ||| DROPPING amulet of guardian spirit.
  7786 | D:8      | 7786 ||| UPGRADING to brooch of Shielding {Spirit SH+8}.
  7876 | D:9      | 7876 ||| INVOKING Heroism.
  7934 | D:9      | 7934 ||| Stepping ~*~*~tactically~*~*~ (hiding).
  8119 | D:9      | 8119 ||| INVOKING Heroism.
  8133 | D:9      | Reached *** piety under Okawaru
  8191 | D:9      | 8191 ||| READING scroll of brand weapon.
  8191 | D:9      | 8191 ||| BRANDING +4 war axe of freezing.
  8277 | D:9      | 8277 ||| DRINKING 3 potions of curing.
  8277 | D:9      | 8277 ||| (to cure confusion)
  8293 | D:9      | Found a burning altar of Makhleb.
  8294 | D:9      | 8294 ||| DROPPING +0 hand axe.
  8310 | D:9      | Noticed a seven-headed hydra
  8311 | D:9      | 8311 ||| INVOKING Heroism.
  8315 | D:9      | 8315 ||| SWAPPING to +0 flail.
  8316 | D:9      | 8316 ||| SWAPPING to +4 war axe of chaos.
  8317 | D:9      | 8317 ||| SWAPPING to +0 flail.
  8318 | D:9      | 8318 ||| SWAPPING to +4 war axe of chaos.
  8319 | D:9      | 8319 ||| SWAPPING to +0 flail.
  8320 | D:9      | 8320 ||| SWAPPING to +4 war axe of chaos.
  8321 | D:9      | 8321 ||| SWAPPING to +0 flail.
  8322 | D:9      | 8322 ||| SWAPPING to +4 war axe of chaos.
  8323 | D:9      | 8323 ||| SWAPPING to +0 flail.
  8324 | D:9      | 8324 ||| SWAPPING to +4 war axe of chaos.
  8325 | D:9      | 8325 ||| SWAPPING to +0 flail.
  8326 | D:9      | 8326 ||| SWAPPING to +4 war axe of chaos.
  8327 | D:9      | 8327 ||| SWAPPING to +0 flail.
  8328 | D:9      | 8328 ||| SWAPPING to +4 war axe of chaos.
  8329 | D:9      | 8329 ||| SWAPPING to +0 flail.
  8330 | D:9      | 8330 ||| SWAPPING to +4 war axe of chaos.
  8331 | D:9      | 8331 ||| SWAPPING to +0 flail.
  8332 | D:9      | 8332 ||| SWAPPING to +4 war axe of chaos.
  8333 | D:9      | 8333 ||| SWAPPING to +0 flail.
  8334 | D:9      | 8334 ||| SWAPPING to +4 war axe of chaos.
  8335 | D:9      | 8335 ||| SWAPPING to +0 flail.
  8336 | D:9      | 8336 ||| SWAPPING to +4 war axe of chaos.
  8337 | D:9      | 8337 ||| SWAPPING to +0 flail.
  8338 | D:9      | 8338 ||| SWAPPING to +4 war axe of chaos.
  8339 | D:9      | 8339 ||| SWAPPING to +0 flail.
  8340 | D:9      | 8340 ||| SWAPPING to +4 war axe of chaos.
  8341 | D:9      | 8341 ||| SWAPPING to +0 flail.
  8342 | D:9      | 8342 ||| SWAPPING to +4 war axe of chaos.
  8343 | D:9      | 8343 ||| SWAPPING to +0 flail.
  8344 | D:9      | 8344 ||| SWAPPING to +4 war axe of chaos.
  8345 | D:9      | 8345 ||| SWAPPING to +0 flail.
  8346 | D:9      | 8346 ||| SWAPPING to +4 war axe of chaos.
  8347 | D:9      | 8347 ||| SWAPPING to +0 flail.
  8348 | D:9      | 8348 ||| SWAPPING to +4 war axe of chaos.
  8349 | D:9      | 8349 ||| SWAPPING to +0 flail.
  8350 | D:9      | 8350 ||| SWAPPING to +4 war axe of chaos.
  8350 | D:9      | HP: 8/64 [seven-headed hydra (10)]
  8351 | D:9      | 8351 ||| READING 2 scrolls of teleportation.
  8352 | D:9      | 8352 ||| SWAPPING to +0 flail.
  8353 | D:9      | 8353 ||| SWAPPING to +4 war axe of chaos.
  8353 | D:9      | Slain by a seven-headed hydra

Levels and vault maps discovered:
D:1:      nicolae_arrival_somewhat_less_tricky_arrival, layout_loops_corners,
          serial_rivers, chequers_serial_rivers_micro_e,
          chequers_serial_rivers_small_3, chequers_serial_rivers_room_b,
          chequers_serial_rivers_room_a, chequers_serial_rivers_micro_d,
          minivault_14, chequers_serial_rivers_small_b, minmay_distorted
D:2:      layout_basic, chequers_mini_garden
D:3:      layout_loops_ring, nicolae_hepliaklqana_hippocampus, uniq_sigmund,
          uniq_grinder
D:4:      layout_loops_ring, serial_shops, nicolae_shop_peninsula,
          nicolae_ossuary_entry_monument, lightli_sewer_entry_pipes,
          guppyfry_early_orc_mine
D:5:      layout_basic, trog_book, okawaru_altar_gauntlet_db,
          minmay_temple_entry_statues_pillars
D:6:      kennysheep_big_flooded_room, layout_basic, nzn_wu_jian_council_hall,
          serial_shops, nicolae_shop_back_alley_shop, chequers_garden,
          kennysheep_windowed_goal, uniq_maggie
D:7:      layout_basic, chequers_serial_rivers_micro_c
D:8:      layout_basic, mainiacjoe_overflow_concentric_impassable
D:9:      layout_basic, tso_altar, mainiacjoe_overflow_surrounded_room,
          grunt_ogre_cave, minmay_ruined_shrine
Temple:   zaba_magenta_temple

Skill      XL: |  1  2  3  4  5  6  7  8  9 10 |
---------------+-------------------------------+-----
Axes           | 2 3 5 6 8 9 10 | 10.0
Throwing       | 3 |  3.9
Fighting       | 4 5 6 8 |  8.0
Armour         | 4 5 6 7 |  7.2
Dodging        | 1 |  1.1
Invocations    | 4 |  4.0
Shields        | 4 5 |  5.0

Action                     |  1- 3 |  4- 6 |  7- 9 | 10-12 || total
---------------------------+-------+-------+-------+-------++-------
  Melee: War axe           |    96 |    53 |   275 |   112 ||   536
  Throw: Javelin           |     4 |    18 |    53 |    14 ||    89
         Boomerang         |       |       |       |     9 ||     9
 Invoke: Heroism           |       |       |     5 |     3 ||     8
    Use: Scroll            |     3 |     3 |    20 |     2 ||    28
         Potion            |       |     1 |     3 |     1 ||     5
 Armour: Scale mail        |    18 |       |       |       ||    18
         Plate armour      |    42 |    29 |   185 |    94 ||   350
  Dodge: Dodged            |    37 |    14 |   127 |    72 ||   250
  Block: Buckler           |    15 |     9 |    47 |    83 ||   154

Table legend:
 A = Non-vault XP
 B = Vault XP
 C = Vault XP percentage of total XP
 D = Non-vault monster count
 E = Vault monster count
 F = Vault count percentage of total count
                 A         B        C        D         E       F
            +---------+---------+-------+---------+---------+-------
      Total |    5334 |    2436 |  31.4 |     171 |      50 |  22.6
            +---------+---------+-------+---------+---------+-------
        D:1 |      19 |       0 |   0.0 |      11 |       0 |   0.0
        D:2 |      60 |       0 |   0.0 |      17 |       0 |   0.0
        D:3 |      41 |     477 |  92.1 |      15 |       2 |  11.8
        D:4 |     123 |     258 |  67.7 |      16 |      13 |  44.8
        D:5 |     677 |      48 |   6.6 |      27 |       6 |  18.2
        D:6 |     773 |     997 |  56.3 |      20 |       4 |  16.7
        D:7 |     681 |       0 |   0.0 |      13 |       0 |   0.0
        D:8 |    1219 |       0 |   0.0 |      30 |       0 |   0.0
        D:9 |    1741 |     186 |   9.7 |      22 |       2 |   8.3
    Ossuary |       0 |     470 | 100.0 |       0 |      23 | 100.0
            +---------+---------+-------+---------+---------+-------
